Blues vs Avalanche
Created - 12 février 2015 at 23:13
Goals
|
| Blues |
0 |
4 |
0 |
4 |
| Avalanche |
1 |
1 |
0 |
2 |
|
Shots
|
| Blues |
16 |
20 |
7 |
43 |
| Avalanche |
11 |
8 |
11 |
30 |
|
1st period
1. Avalanche , Corey Perry 31 (Ryan Smyth, Jason Allison) at 5:01 (PP)
Penalties :
Derek Boogaard (STL) for Holding (Minor) at 4:53, Paul Kariya (STL) for Hooking (Minor) at 18:14
2nd period
2. Blues , Joe Pavelski 28 (Travis Zajac, David Perron) at 4:49 (PP)
3. Blues , Joe Pavelski 29 (Travis Zajac, Dan Boyle) at 10:05
4. Avalanche , Corey Perry 32 (Bryan Little, Max Pacioretty) at 12:16
5. Blues , Travis Zajac 30 (Derek Boogaard, Brian Lee) at 16:33
6. Blues , Joe Pavelski 30 (Travis Zajac, Brent Burns) at 17:33
Penalties :
Jason Allison (Col) for Hooking (Minor) at 4:06, Marc Staal (Col) for High sticking (Minor) at 6:02, Andrew Ladd (Col) for Hooking (Minor) at 19:51
3rd period
No Goal
Penalties :
Sergei Shirokov (STL) for Holding (Minor) at 17:57
Goalie Stats
Tuukka Rask (STL), 28 saves from 30 shots - (0,933), W, 28-15-3, 60:00 minutes
Jimmy Howard (Col), 39 saves from 43 shots - (0,907), L, 25-11-4, 60:00 minutes
Players Stats for Blues
Player Name G A P +/- PIM S H SB GA TA FO MP PP MP PK MP
------------------------------------------------------------------------------------
Ales Kotalik 0 0 0 0 0 0 0 0 0 1 3/3 8:52 0:00 0:48
Andrew Cogliano 0 0 0 -1 0 4 1 0 0 0 0/4 11:15 0:00 0:00
Brent Burns 0 1 1 2 0 4 0 1 0 1 0/0 23:02 2:56 1:37
Brian Lee 0 1 1 2 0 2 0 1 0 0 0/0 17:40 1:45 0:00
Bryce Lampman 0 0 0 -1 0 0 2 2 0 0 0/0 22:10 0:00 2:29
Dan Boyle 0 1 1 -1 0 4 2 0 0 0 0/0 24:23 2:56 0:00
David Perron 0 1 1 0 0 1 1 0 0 0 2/3 16:59 1:47 0:00
Derek Boogaard 0 1 1 0 2 0 2 0 0 0 0/1 8:46 0:00 0:43
Drew Fata 0 0 0 1 0 1 0 2 0 0 0/0 16:19 0:00 2:29
Erik Rasmussen 0 0 0 0 0 0 1 0 1 0 0/1 8:04 0:00 0:00
Joe Pavelski 3 0 3 3 0 6 2 0 0 1 3/3 18:08 1:47 0:00
Kevin Shattenkirk 0 0 0 1 0 2 2 2 1 0 0/0 16:26 1:45 1:37
Marian Hossa 0 0 0 0 0 4 1 0 0 0 0/3 18:17 2:54 0:00
Nik Antropov 0 0 0 0 0 5 1 0 1 1 12/25 21:28 2:54 3:01
Paul Kariya 0 0 0 3 2 3 3 2 1 1 1/3 19:34 2:54 0:00
Sergei Shirokov 0 0 0 -1 2 4 0 0 1 0 0/0 11:54 0:00 0:39
Taylor Pyatt 0 0 0 -1 0 0 2 0 0 0 0/0 14:26 0:00 3:01
Travis Zajac 1 3 4 3 0 3 5 0 0 0 7/24 18:08 1:47 0:00
Players Stats for Avalanche
Player Name G A P +/- PIM S H SB GA TA FO MP PP MP PK MP
------------------------------------------------------------------------------------
Andrew Ladd 0 0 0 0 2 0 3 0 0 0 0/0 11:14 0:00 2:11
Brian Campbell 0 0 0 -1 0 0 2 0 1 0 0/0 19:26 2:32 0:16
Bryan Little 0 1 1 -1 0 1 0 0 1 0 4/7 10:41 1:27 0:00
Chuck Kobasew 0 0 0 -1 0 1 1 0 1 0 1/1 10:46 0:00 1:32
Corey Perry 2 0 2 0 0 5 3 0 0 0 1/1 19:36 2:39 0:00
Dave Tanabe 0 0 0 -1 0 0 0 2 0 0 0/0 17:33 1:34 1:18
Drew Doughty 0 0 0 -1 0 2 2 1 0 0 0/0 17:24 2:32 0:00
Dustin Byfuglien 0 0 0 0 0 1 0 1 0 0 4/10 12:29 0:00 3:25
Jack Johnson 0 0 0 0 0 3 2 1 0 1 0/0 24:58 1:34 3:27
Jason Allison 0 1 1 0 2 3 1 0 0 1 17/26 19:47 2:39 0:12
Jason Pominville 0 0 0 -1 0 6 4 0 1 1 0/1 17:25 1:27 0:00
Marc Staal 0 0 0 -1 2 0 0 0 0 1 0/0 20:56 0:00 1:44
Max Pacioretty 0 1 1 -1 0 0 0 0 0 0 0/0 11:03 1:27 0:22
Maxim Talbot 0 0 0 0 0 0 0 0 0 1 1/1 8:51 0:00 0:00
Michael Rupp 0 0 0 -1 0 2 3 1 0 0 0/2 17:07 0:00 1:09
Mike Comrie 0 0 0 -1 0 3 0 0 1 0 14/20 16:29 0:00 0:31
Ryan Smyth 0 1 1 0 0 3 2 0 0 0 0/1 19:36 2:39 0:00
Shane O'Brien 0 0 0 0 0 0 3 2 0 0 0/0 19:55 0:00 2:37
3 Stars
1 - Joe Pavelski (STL)
2 - Travis Zajac (STL)
3 - Corey Perry (Col)
Power Play
Blues - 1 on 3 Attempt(s) - 33,33%
Avalanche - 1 on 3 Attempt(s) - 33,33%
Penalty Kill
Blues - 2 on 3 Attempt(s) - 66,67%
- Score 0 goal in Penalty Kill
Avalanche - 2 on 3 Attempt(s) - 66,67%
- Score 0 goal in Penalty Kill
Team Stat
Blues - Hits : 25 - Faceoff Wins : 28 - Blocked Shots : 10 - Penalty Minutes : 6
Avalanche - Hits : 26 - Faceoff Wins : 42 - Blocked Shots : 8 - Penalty Minutes : 6
Official
Referees : Kimmerly Greg and L'Ecuyer Frederick
Linesman : Mark Wheler and Pierre Racicot
Game Notes
Joe Pavelski has scored a Hat Trick!
Finance
Level 1 -- Attendance: 6000 (100,00%) -- Ticket Income 504 000 $
Level 2 -- Attendance: 5000 (100,00%) -- Ticket Income 250 000 $
Level 3 -- Attendance: 1969 (98,45%) -- Ticket Income 55 132 $
Level 4 -- Attendance: 4000 (100,00%) -- Ticket Income 72 000 $
Luxury Box -- Attendance: 1000 (100,00%) -- Ticket Income 167 000 $
Game was played at the Pepsi Center'
Total Attendance: 17969 (99,83%)
Total Ticket Income: 1 048 132 $
Other Income: 157 220 $
Total Income: 1 205 352 $
Blues
5 vs 5 Forward
Center Left Wing Right Wing Time % Phy DF OF
1 Travis Zajac Paul Kariya Joe Pavelski 40 1 2 2
2 Nik Antropov David Perron Marian Hossa 30 1 2 2
3 Andrew Cogliano Taylor Pyatt Sergei Shirokov 20 1 2 2
4 Erik Rasmussen Derek Boogaard Ales Kotalik 10 1 2 2
5 vs 5 Defense
Defense Defense Time % Phy DF OF
1 Dan Boyle Bryce Lampman 40 1 2 2
2 Brent Burns Brian Lee 30 1 2 2
3 Drew Fata Kevin Shattenkirk 20 1 2 2
4 Dan Boyle Brent Burns 10 1 2 2
PowerPlay Forward
Center Left Wing Right Wing Time % Phy DF OF
1 Nik Antropov Paul Kariya Marian Hossa 60 1 2 2
2 Travis Zajac David Perron Joe Pavelski 40 1 2 2
PowerPlay Defense
Defense Defense Time % Phy DF OF
1 Dan Boyle Brent Burns 60 1 2 2
2 Brian Lee Kevin Shattenkirk 40 1 2 2
Penalty Kill 4 Players Forward
Center Wing Time % Phy DF OF
1 Nik Antropov Taylor Pyatt 60 1 2 2
2 Ales Kotalik Sergei Shirokov 40 1 2 2
Penalty Kill 4 Players Defense
Defense Defense Time % Phy DF OF
1 Bryce Lampman Drew Fata 60 1 2 2
2 Brent Burns Kevin Shattenkirk 40 1 2 2
Penalty Kill - 3 Players Forward
Forward Time % Phy DF OF
1 Taylor Pyatt 60 1 2 2
2 Ales Kotalik 40 1 2 2
Penalty Kill - 3 Players Defense
Defense Defense Time % Phy DF OF
1 Drew Fata Bryce Lampman 60 1 2 2
2 Brian Lee Dan Boyle 40 1 2 2
4 vs 4 Forward
Center Wing Time % Phy DF OF
1 Travis Zajac Paul Kariya 60 1 2 2
2 Nik Antropov Marian Hossa 40 1 2 2
4 vs 4 Defense
Defense Defense Time % Phy DF OF
1 Dan Boyle Bryce Lampman 60 1 2 2
2 Brent Burns Brian Lee 40 1 2 2
Last Minutes Offensive
Center Left Wing Right Wing Defense Defense
Travis Zajac Paul Kariya Marian Hossa Dan Boyle Brent Burns
Last Minutes Defensive
Center Left Wing Right Wing Defense Defense
Nik Antropov Taylor Pyatt Sergei Shirokov Bryce Lampman Drew Fata
Goaltenders
Starting : Tuukka Rask
Backup : Cory Schneider
Extra Forwards
Normal : Andrew Cogliano, Taylor Pyatt, Sergei Shirokov - PP : Andrew Cogliano, Taylor Pyatt - PK : Sergei Shirokov
Extra Defensemen
Normal : Brian Lee, Kevin Shattenkirk, Bryce Lampman - PP : Brian Lee - PK : Kevin Shattenkirk, Dan Boyle
Penalty Shots
David Perron, Joe Pavelski, Marian Hossa, Travis Zajac, Nik Antropov
Avalanche
5 vs 5 Forward
Center Left Wing Right Wing Time % Phy DF OF
1 Jason Allison Ryan Smyth Corey Perry 35 1 2 2
2 Mike Comrie Michael Rupp Jason Pominville 35 1 2 2
3 Maxim Talbot Andrew Ladd Dustin Byfuglien 15 1 2 2
4 Bryan Little Max Pacioretty Chuck Kobasew 15 1 2 2
5 vs 5 Defense
Defense Defense Time % Phy DF OF
1 Jack Johnson Marc Staal 40 1 2 2
2 Dave Tanabe Drew Doughty 30 1 2 2
3 Brian Campbell Shane O'Brien 30 1 2 2
4 Jack Johnson Marc Staal 0 1 2 2
PowerPlay Forward
Center Left Wing Right Wing Time % Phy DF OF
1 Jason Allison Ryan Smyth Corey Perry 60 1 2 2
2 Bryan Little Max Pacioretty Jason Pominville 40 1 2 2
PowerPlay Defense
Defense Defense Time % Phy DF OF
1 Drew Doughty Brian Campbell 60 1 2 2
2 Dave Tanabe Jack Johnson 40 1 2 2
Penalty Kill 4 Players Forward
Center Wing Time % Phy DF OF
1 Dustin Byfuglien Andrew Ladd 60 1 2 2
2 Mike Comrie Chuck Kobasew 40 1 2 2
Penalty Kill 4 Players Defense
Defense Defense Time % Phy DF OF
1 Jack Johnson Marc Staal 60 1 2 2
2 Dave Tanabe Shane O'Brien 40 1 2 2
Penalty Kill - 3 Players Forward
Forward Time % Phy DF OF
1 Corey Perry 60 1 2 2
2 Jason Pominville 40 1 2 2
Penalty Kill - 3 Players Defense
Defense Defense Time % Phy DF OF
1 Jack Johnson Marc Staal 60 1 2 2
2 Dave Tanabe Drew Doughty 40 1 2 2
4 vs 4 Forward
Center Wing Time % Phy DF OF
1 Corey Perry Jason Pominville 60 1 2 2
2 Mike Comrie Ryan Smyth 40 1 2 2
4 vs 4 Defense
Defense Defense Time % Phy DF OF
1 Jack Johnson Marc Staal 60 1 2 2
2 Dave Tanabe Drew Doughty 40 1 2 2
Last Minutes Offensive
Center Left Wing Right Wing Defense Defense
Jason Allison Ryan Smyth Corey Perry Drew Doughty Brian Campbell
Last Minutes Defensive
Center Left Wing Right Wing Defense Defense
Mike Comrie Ryan Smyth Dustin Byfuglien Jack Johnson Marc Staal
Goaltenders
Starting : Jimmy Howard
Backup : Marty Turco
Extra Forwards
Normal : Dustin Byfuglien, Andrew Ladd, Chuck Kobasew - PP : Dustin Byfuglien, Andrew Ladd - PK : Chuck Kobasew
Extra Defensemen
Normal : Brian Campbell, Shane O'Brien, Dave Tanabe - PP : Brian Campbell - PK : Shane O'Brien, Dave Tanabe
Penalty Shots
Corey Perry, Jason Pominville, Drew Doughty, Ryan Smyth, Mike Comrie
% Time on Ice - Blues
Lines # - Real PCT - Wanted PCT - Time Play
Normal Forward
1 - 33% - 40% - 16:42
2 - 30% - 30% - 15:12
3 - 22% - 20% - 11:15
4 - 16% - 10% - 8:04
Normal Defense
1 - 40% - 40% - 20:25
2 - 31% - 30% - 15:40
3 - 24% - 20% - 12:24
4 - 5% - 10% - 2:44
PP Forward
1 - 62% - 60% - 2:54
2 - 38% - 40% - 1:47
PP Defense
1 - 63% - 60% - 2:56
2 - 37% - 40% - 1:45
PK Forward
1 - 80% - 60% - 3:18
2 - 20% - 40% - 0:48
PK Defense
1 - 61% - 60% - 2:29
2 - 39% - 40% - 1:37
PK3 Forward
1 - 0% - 60%
2 - 0% - 40%
PK3 Defense
1 - 0% - 60%
2 - 0% - 40%
44 Forward
1 - 0% - 60%
2 - 0% - 40%
44 Defense
1 - 0% - 60%
2 - 0% - 40%
Last Minute Offensive - 0:00
Last Minute Defensive - 0:00
Total
Forward - 60:00
Defense - 60:00
|
% Time on Ice - Avalanche
Lines # - Real PCT - Wanted PCT - Time Play
Normal Forward
1 - 34% - 35% - 17:10
2 - 31% - 35% - 15:58
3 - 17% - 15% - 8:51
4 - 18% - 15% - 9:14
Normal Defense
1 - 40% - 40% - 20:27
2 - 29% - 30% - 14:41
3 - 31% - 30% - 16:05
4 - 0% - 0% - 0:00
PP Forward
1 - 65% - 60% - 2:39
2 - 35% - 40% - 1:27
PP Defense
1 - 62% - 60% - 2:32
2 - 38% - 40% - 1:34
PK Forward
1 - 89% - 60% - 4:10
2 - 11% - 40% - 0:31
PK Defense
1 - 79% - 60% - 3:43
2 - 21% - 40% - 0:58
PK3 Forward
1 - 0% - 60%
2 - 0% - 40%
PK3 Defense
1 - 0% - 60%
2 - 0% - 40%
44 Forward
1 - 0% - 60%
2 - 0% - 40%
44 Defense
1 - 0% - 60%
2 - 0% - 40%
Last Minute Offensive - 0:00
Last Minute Defensive - 0:00
Total
Forward - 60:00
Defense - 60:00
|
Play by Play
1st period
0:01 of 1st period - Travis Zajac wins face-off versus Jason Allison in neutral zone.
1:32 of 1st period - Off-side.
1:33 of 1st period - Jason Allison wins face-off versus Nik Antropov in neutral zone.
1:58 of 1st period - Snap shot by Paul Kariya.
1:58 of 1st period - Shot Misses the Net.
2:00 of 1st period - Slapshot by Brent Burns.
2:00 of 1st period - Deflect By Travis Zajac.
2:00 of 1st period - Shot Misses the Net.
2:00 of 1st period - Puck is out of play.
2:01 of 1st period - Mike Comrie wins face-off versus Travis Zajac in Avalanche zone.
2:09 of 1st period - Off-side.
2:10 of 1st period - Mike Comrie wins face-off versus Andrew Cogliano in neutral zone.
4:53 of 1st period - Minor Penalty to Derek Boogaard for Holding.
4:54 of 1st period - Jason Allison wins face-off versus Nik Antropov in Blues zone.
4:55 of 1st period - Wrist shot by Corey Perry.
4:55 of 1st period - Shot Blocked by Brent Burns.
4:57 of 1st period - Snap shot by Corey Perry.
4:57 of 1st period - Stopped by Tuukka Rask with a rebound.
5:01 of 1st period - Wrist shot by Corey Perry.
5:01 of 1st period - Goal by Corey Perry - Blues : 0 - Avalanche : 1.
5:02 of 1st period - Jason Allison wins face-off versus Travis Zajac in neutral zone.
5:53 of 1st period - Snap shot by Sergei Shirokov.
5:53 of 1st period - Shot Blocked by Dave Tanabe.
7:05 of 1st period - Jack Johnson is hit by Taylor Pyatt and loses puck.
7:24 of 1st period - Off-side.
7:25 of 1st period - Bryan Little wins face-off versus Travis Zajac in neutral zone.
7:30 of 1st period - Dave Tanabe is hit by Travis Zajac and loses puck.
7:39 of 1st period - Snap shot by Joe Pavelski.
7:39 of 1st period - Stopped by Jimmy Howard with a rebound.
7:41 of 1st period - Snap shot by Paul Kariya.
7:41 of 1st period - Stopped by Jimmy Howard with a rebound.
7:51 of 1st period - Nik Antropov is hit by Corey Perry and loses puck.
8:54 of 1st period - Wrist shot by Paul Kariya.
8:54 of 1st period - Shot Misses the Net.
9:02 of 1st period - Slapshot by Jack Johnson.
9:02 of 1st period - Stopped by Tuukka Rask with a rebound.
9:20 of 1st period - Slapshot by Marian Hossa.
9:20 of 1st period - Stopped by Jimmy Howard with a rebound.
9:22 of 1st period - Snap shot by David Perron.
9:22 of 1st period - Deflect By Marian Hossa.
9:22 of 1st period - Shot Misses the Net.
9:22 of 1st period - Puck is out of play.
9:23 of 1st period - Mike Comrie wins face-off versus Travis Zajac in Avalanche zone.
9:59 of 1st period - Snap shot by Nik Antropov.
9:59 of 1st period - Stopped by Jimmy Howard without a rebound.
10:00 of 1st period - Mike Comrie wins face-off versus Andrew Cogliano in Avalanche zone.
10:15 of 1st period - Wrist shot by Sergei Shirokov.
10:15 of 1st period - Stopped by Jimmy Howard without a rebound.
10:16 of 1st period - Travis Zajac wins face-off versus Jason Allison in Avalanche zone.
10:19 of 1st period - Wrist shot by Joe Pavelski.
10:19 of 1st period - Deflect By Travis Zajac.
10:19 of 1st period - Stopped by Jimmy Howard with a rebound.
11:15 of 1st period - Slapshot by Andrew Cogliano.
11:15 of 1st period - Stopped by Jimmy Howard without a rebound.
11:16 of 1st period - Joe Pavelski wins face-off versus Jason Allison in Avalanche zone.
11:50 of 1st period - Snap shot by Mike Comrie.
11:50 of 1st period - Stopped by Tuukka Rask without a rebound.
11:51 of 1st period - Jason Allison wins face-off versus Travis Zajac in Blues zone.
11:54 of 1st period - Wrist shot by Corey Perry.
11:54 of 1st period - Stopped by Tuukka Rask with a rebound.
12:43 of 1st period - Icing by Dan Boyle.
12:44 of 1st period - Mike Comrie wins face-off versus Erik Rasmussen in Blues zone.
12:49 of 1st period - Snap shot by Jason Pominville.
12:49 of 1st period - Shot Misses the Net.
12:53 of 1st period - Wrist shot by Jason Pominville.
12:53 of 1st period - Shot Misses the Net.
12:55 of 1st period - Snap shot by Mike Comrie.
12:55 of 1st period - Stopped by Tuukka Rask with a rebound.
12:57 of 1st period - Snap shot by Michael Rupp.
12:57 of 1st period - Stopped by Tuukka Rask with a rebound.
13:13 of 1st period - Snap shot by Paul Kariya.
13:13 of 1st period - Shot Hit the Post.
13:20 of 1st period - Off-side.
13:21 of 1st period - Nik Antropov wins face-off versus Mike Comrie in neutral zone.
13:26 of 1st period - Wrist shot by David Perron.
13:26 of 1st period - Shot Blocked by Michael Rupp.
13:30 of 1st period - Slapshot by Nik Antropov.
13:30 of 1st period - Stopped by Jimmy Howard without a rebound.
13:31 of 1st period - Mike Comrie wins face-off versus Nik Antropov in Avalanche zone.
13:40 of 1st period - Nik Antropov is hit by Michael Rupp and loses puck.
13:59 of 1st period - Snap shot by Mike Comrie.
13:59 of 1st period - Deflect By Jason Pominville.
13:59 of 1st period - Stopped by Tuukka Rask without a rebound.
14:00 of 1st period - Travis Zajac wins face-off versus Jason Allison in Blues zone.
14:25 of 1st period - Jack Johnson is hit by Dan Boyle and loses puck.
14:30 of 1st period - Snap shot by Andrew Cogliano.
14:30 of 1st period - Stopped by Jimmy Howard with a rebound.
14:44 of 1st period - Snap shot by Dustin Byfuglien.
14:44 of 1st period - Stopped by Tuukka Rask with a rebound.
14:48 of 1st period - Slapshot by Drew Doughty.
14:48 of 1st period - Shot Misses the Net.
14:56 of 1st period - Maxim Talbot is hit by Marian Hossa and loses puck.
15:59 of 1st period - Snap shot by Sergei Shirokov.
15:59 of 1st period - Stopped by Jimmy Howard with a rebound.
16:01 of 1st period - Slapshot by Dan Boyle.
16:01 of 1st period - Deflect By Jason Pominville.
16:01 of 1st period - Stopped by Jimmy Howard without a rebound.
16:02 of 1st period - Jason Allison wins face-off versus Andrew Cogliano in Avalanche zone.
16:07 of 1st period - Taylor Pyatt is hit by Jack Johnson and loses puck.
16:39 of 1st period - Slapshot by Dan Boyle.
16:39 of 1st period - Deflect By Sergei Shirokov.
16:39 of 1st period - Stopped by Jimmy Howard with a rebound.
16:41 of 1st period - Slapshot by Bryce Lampman.
16:41 of 1st period - Shot Misses the Net.
17:02 of 1st period - Slapshot by Dan Boyle.
17:02 of 1st period - Stopped by Jimmy Howard with a rebound.
17:04 of 1st period - Snap shot by Sergei Shirokov.
17:04 of 1st period - Shot Misses the Net.
17:06 of 1st period - Snap shot by Andrew Cogliano.
17:06 of 1st period - Stopped by Jimmy Howard with a rebound.
17:08 of 1st period - Slapshot by Dan Boyle.
17:08 of 1st period - Shot Blocked by Drew Doughty.
17:10 of 1st period - Slapshot by Dan Boyle.
17:10 of 1st period - Stopped by Jimmy Howard with a rebound.
17:12 of 1st period - Wrist shot by Dan Boyle.
17:12 of 1st period - Stopped by Jimmy Howard without a rebound.
17:13 of 1st period - Jason Allison wins face-off versus Travis Zajac in Avalanche zone.
18:03 of 1st period - Snap shot by Drew Doughty.
18:03 of 1st period - Shot Misses the Net.
18:05 of 1st period - Slapshot by Drew Doughty.
18:05 of 1st period - Stopped by Tuukka Rask without a rebound.
18:06 of 1st period - Bryan Little wins face-off versus Travis Zajac in Blues zone.
18:06 of 1st period - Drew Doughty is hit by Kevin Shattenkirk and loses puck.
18:14 of 1st period - Minor Penalty to Paul Kariya for Hooking.
18:15 of 1st period - Jason Allison wins face-off versus Nik Antropov in Blues zone.
18:20 of 1st period - Backhand shot by Corey Perry.
18:20 of 1st period - Shot Blocked by Drew Fata.
18:30 of 1st period - Slapshot by Drew Doughty.
18:30 of 1st period - Stopped by Tuukka Rask without a rebound.
18:31 of 1st period - Jason Allison wins face-off versus Nik Antropov in Blues zone.
19:52 of 1st period - Icing by Bryan Little.
19:53 of 1st period - Ales Kotalik wins face-off versus Bryan Little in Avalanche zone.
Goals for this period are 0 for Blues vs 1 for Avalanche.
Shots for this period are 16 for Blues vs 11 for Avalanche.
2nd period
0:01 of 2nd period - Nik Antropov wins face-off versus Jason Allison in neutral zone.
0:04 of 2nd period - Snap shot by Taylor Pyatt.
0:04 of 2nd period - Shot Misses the Net.
0:14 of 2nd period - Penalty to Paul Kariya is over, Paul Kariya is back on ice.
0:26 of 2nd period - Jason Pominville is hit by Derek Boogaard and loses puck.
0:35 of 2nd period - Derek Boogaard is hit by Jack Johnson and loses puck.
1:13 of 2nd period - Derek Boogaard is hit by Ryan Smyth and loses puck.
1:45 of 2nd period - Chuck Kobasew is hit by Paul Kariya and loses puck.
1:56 of 2nd period - Marian Hossa is hit by Michael Rupp.
2:02 of 2nd period - Snap shot by Michael Rupp.
2:02 of 2nd period - Stopped by Tuukka Rask without a rebound.
2:03 of 2nd period - Nik Antropov wins face-off versus Mike Comrie in Blues zone.
2:30 of 2nd period - Travis Zajac is hit by Ryan Smyth and loses puck.
2:55 of 2nd period - Andrew Cogliano is hit by Shane O'Brien.
2:56 of 2nd period - Icing by Andrew Cogliano.
2:57 of 2nd period - Jason Allison wins face-off versus Andrew Cogliano in Blues zone.
3:19 of 2nd period - Wrist shot by Sergei Shirokov.
3:19 of 2nd period - Stopped by Jimmy Howard without a rebound.
3:20 of 2nd period - Mike Comrie wins face-off versus Paul Kariya in Avalanche zone.
3:35 of 2nd period - Wrist shot by Jason Pominville.
3:35 of 2nd period - Stopped by Tuukka Rask with a rebound.
3:45 of 2nd period - Wrist shot by Bryan Little.
3:45 of 2nd period - Shot Misses the Net.
4:06 of 2nd period - Minor Penalty to Jason Allison for Hooking.
4:07 of 2nd period - Nik Antropov wins face-off versus Dustin Byfuglien in Avalanche zone.
4:41 of 2nd period - Snap shot by David Perron.
4:41 of 2nd period - Stopped by Jimmy Howard without a rebound.
4:42 of 2nd period - Travis Zajac wins face-off versus Dustin Byfuglien in Avalanche zone.
4:49 of 2nd period - Snap shot by Travis Zajac.
4:49 of 2nd period - Deflect By Joe Pavelski.
4:49 of 2nd period - Goal by Joe Pavelski - Blues : 1 - Avalanche : 1.
4:50 of 2nd period - Jason Allison wins face-off versus Paul Kariya in neutral zone.
4:52 of 2nd period - Jack Johnson is hit by Paul Kariya and loses puck.
5:05 of 2nd period - Snap shot by Jason Allison.
5:05 of 2nd period - Stopped by Tuukka Rask with a rebound.
5:22 of 2nd period - Icing by Brent Burns.
5:23 of 2nd period - Mike Comrie wins face-off versus Marian Hossa in Blues zone.
5:32 of 2nd period - Slapshot by Drew Doughty.
5:32 of 2nd period - Deflect By Michael Rupp.
5:32 of 2nd period - Shot Blocked by Brian Lee.
5:32 of 2nd period - Puck is out of play.
5:33 of 2nd period - Joe Pavelski wins face-off versus Mike Comrie in Blues zone.
5:40 of 2nd period - Snap shot by Travis Zajac.
5:40 of 2nd period - Stopped by Jimmy Howard without a rebound.
5:41 of 2nd period - Travis Zajac wins face-off versus Mike Comrie in Avalanche zone.
5:46 of 2nd period - Wrist shot by Paul Kariya.
5:46 of 2nd period - Stopped by Jimmy Howard with a rebound.
6:02 of 2nd period - Minor Penalty to Marc Staal for High sticking.
6:03 of 2nd period - Dustin Byfuglien wins face-off versus Nik Antropov in Avalanche zone.
6:14 of 2nd period - Slapshot by Marian Hossa.
6:14 of 2nd period - Shot Misses the Net.
6:16 of 2nd period - Slapshot by Brent Burns.
6:16 of 2nd period - Shot Blocked by Dustin Byfuglien.
6:18 of 2nd period - Slapshot by Brent Burns.
6:18 of 2nd period - Stopped by Jimmy Howard with a rebound.
6:32 of 2nd period - Wrist shot by Travis Zajac.
6:32 of 2nd period - Deflect By Joe Pavelski.
6:32 of 2nd period - Stopped by Jimmy Howard with a rebound.
6:34 of 2nd period - Slapshot by Brent Burns.
6:34 of 2nd period - Shot Misses the Net.
7:05 of 2nd period - Icing by Brian Lee.
7:06 of 2nd period - Dustin Byfuglien wins face-off versus Travis Zajac in Blues zone.
7:21 of 2nd period - Slapshot by Brian Lee.
7:21 of 2nd period - Stopped by Jimmy Howard without a rebound.
7:22 of 2nd period - Mike Comrie wins face-off versus Travis Zajac in Avalanche zone.
7:31 of 2nd period - Slapshot by Brent Burns.
7:31 of 2nd period - Stopped by Jimmy Howard without a rebound.
7:32 of 2nd period - Nik Antropov wins face-off versus Dustin Byfuglien in Avalanche zone.
7:37 of 2nd period - Slapshot by Dan Boyle.
7:37 of 2nd period - Shot Misses the Net.
7:39 of 2nd period - Slapshot by Brent Burns.
7:39 of 2nd period - Stopped by Jimmy Howard without a rebound.
7:40 of 2nd period - Dustin Byfuglien wins face-off versus Nik Antropov in Avalanche zone.
7:40 of 2nd period - Dustin Byfuglien is hit by Dan Boyle.
7:50 of 2nd period - Snap shot by Dan Boyle.
7:50 of 2nd period - Shot Blocked by Shane O'Brien.
7:52 of 2nd period - Wrist shot by Paul Kariya.
7:52 of 2nd period - Shot Blocked by Jack Johnson.
7:54 of 2nd period - Slapshot by Brent Burns.
7:54 of 2nd period - Shot Misses the Net.
7:56 of 2nd period - Snap shot by Marian Hossa.
7:56 of 2nd period - Stopped by Jimmy Howard without a rebound.
7:57 of 2nd period - Dustin Byfuglien wins face-off versus Nik Antropov in Avalanche zone.
8:02 of 2nd period - Penalty to Marc Staal is over, Marc Staal is back on ice.
10:05 of 2nd period - Wrist shot by Joe Pavelski.
10:05 of 2nd period - Deflect By Brian Campbell.
10:05 of 2nd period - Goal by Joe Pavelski - Blues : 2 - Avalanche : 1.
10:06 of 2nd period - Jason Allison wins face-off versus Travis Zajac in neutral zone.
10:21 of 2nd period - Drew Doughty is hit by Travis Zajac and loses puck.
11:11 of 2nd period - Icing by Shane O'Brien.
11:12 of 2nd period - Maxim Talbot wins face-off versus Derek Boogaard in Avalanche zone.
11:42 of 2nd period - Wrist shot by Jason Pominville.
11:42 of 2nd period - Shot Blocked by Paul Kariya.
11:44 of 2nd period - Slapshot by Jason Pominville.
11:44 of 2nd period - Stopped by Tuukka Rask with a rebound.
11:46 of 2nd period - Wrist shot by Jason Pominville.
11:46 of 2nd period - Shot Misses the Net.
12:16 of 2nd period - Slapshot by Corey Perry.
12:16 of 2nd period - Goal by Corey Perry - Blues : 2 - Avalanche : 2.
12:17 of 2nd period - Joe Pavelski wins face-off versus Michael Rupp in neutral zone.
12:22 of 2nd period - Slapshot by Bryce Lampman.
12:22 of 2nd period - Shot Misses the Net.
12:43 of 2nd period - Nik Antropov is hit by Shane O'Brien and loses puck.
13:49 of 2nd period - Bryan Little is hit by Travis Zajac and loses puck.
14:02 of 2nd period - Slapshot by Marian Hossa.
14:02 of 2nd period - Stopped by Jimmy Howard with a rebound.
14:30 of 2nd period - Maxim Talbot is hit by Andrew Cogliano and loses puck.
14:47 of 2nd period - Snap shot by Jason Pominville.
14:47 of 2nd period - Shot Hit the Post.
16:09 of 2nd period - Michael Rupp is hit by Bryce Lampman and loses puck.
16:18 of 2nd period - Bryce Lampman is hit by Drew Doughty and loses puck.
16:33 of 2nd period - Snap shot by Travis Zajac.
16:33 of 2nd period - Goal by Travis Zajac - Blues : 3 - Avalanche : 2.
16:34 of 2nd period - Jason Allison wins face-off versus Travis Zajac in neutral zone.
16:37 of 2nd period - Slapshot by Jack Johnson.
16:37 of 2nd period - Stopped by Tuukka Rask without a rebound.
16:38 of 2nd period - Jason Allison wins face-off versus Travis Zajac in Blues zone.
17:08 of 2nd period - Jack Johnson is hit by Joe Pavelski and loses puck.
17:25 of 2nd period - Slapshot by Paul Kariya.
17:25 of 2nd period - Shot Misses the Net.
17:27 of 2nd period - Snap shot by Brian Lee.
17:27 of 2nd period - Deflect By Jason Allison.
17:27 of 2nd period - Stopped by Jimmy Howard with a rebound.
17:29 of 2nd period - Slapshot by Brent Burns.
17:29 of 2nd period - Stopped by Jimmy Howard with a rebound.
17:33 of 2nd period - Snap shot by Joe Pavelski.
17:33 of 2nd period - Goal by Joe Pavelski - Blues : 4 - Avalanche : 2.
17:34 of 2nd period - Nik Antropov wins face-off versus Mike Comrie in neutral zone.
17:43 of 2nd period - Wrist shot by Marian Hossa.
17:43 of 2nd period - Stopped by Jimmy Howard without a rebound.
17:44 of 2nd period - Mike Comrie wins face-off versus David Perron in Avalanche zone.
17:49 of 2nd period - Dan Boyle is hit by Jason Pominville and loses puck.
18:24 of 2nd period - Slapshot by Nik Antropov.
18:24 of 2nd period - Stopped by Jimmy Howard without a rebound.
18:25 of 2nd period - Jason Allison wins face-off versus Travis Zajac in Avalanche zone.
18:25 of 2nd period - Jason Allison is hit by Joe Pavelski.
19:03 of 2nd period - Wrist shot by Bryan Little.
19:03 of 2nd period - Stopped by Tuukka Rask without a rebound.
19:04 of 2nd period - Mike Comrie wins face-off versus Nik Antropov in Blues zone.
19:05 of 2nd period - Snap shot by Jason Pominville.
19:05 of 2nd period - Stopped by Tuukka Rask without a rebound.
19:06 of 2nd period - David Perron wins face-off versus Michael Rupp in Blues zone.
19:06 of 2nd period - David Perron is hit by Jason Pominville.
19:51 of 2nd period - Minor Penalty to Andrew Ladd for Hooking.
19:52 of 2nd period - Nik Antropov wins face-off versus Dustin Byfuglien in Avalanche zone.
19:57 of 2nd period - Snap shot by Kevin Shattenkirk.
19:57 of 2nd period - Stopped by Jimmy Howard without a rebound.
19:58 of 2nd period - Nik Antropov wins face-off versus Dustin Byfuglien in Avalanche zone.
Goals for this period are 4 for Blues vs 1 for Avalanche.
Shots for this period are 20 for Blues vs 8 for Avalanche.
3rd period
0:01 of 3rd period - Paul Kariya wins face-off versus Dustin Byfuglien in neutral zone.
0:43 of 3rd period - Backhand shot by Brent Burns.
0:43 of 3rd period - Shot Blocked by Shane O'Brien.
0:59 of 3rd period - Snap shot by Nik Antropov.
0:59 of 3rd period - Shot Blocked by Dave Tanabe.
1:01 of 3rd period - Wrist shot by Nik Antropov.
1:01 of 3rd period - Stopped by Jimmy Howard without a rebound.
1:02 of 3rd period - Chuck Kobasew wins face-off versus Travis Zajac in Avalanche zone.
1:13 of 3rd period - Chuck Kobasew is hit by David Perron and loses puck.
1:51 of 3rd period - Penalty to Andrew Ladd is over, Andrew Ladd is back on ice.
2:08 of 3rd period - Taylor Pyatt is hit by Corey Perry and loses puck.
3:41 of 3rd period - Jack Johnson is hit by Bryce Lampman and loses puck.
3:56 of 3rd period - Dustin Byfuglien is hit by Travis Zajac and loses puck.
4:13 of 3rd period - Andrew Cogliano is hit by Shane O'Brien and loses puck.
4:29 of 3rd period - Derek Boogaard is hit by Jason Allison.
4:43 of 3rd period - Slapshot by Chuck Kobasew.
4:43 of 3rd period - Stopped by Tuukka Rask without a rebound.
4:44 of 3rd period - Bryan Little wins face-off versus Travis Zajac in Blues zone.
4:47 of 3rd period - Snap shot by Bryan Little.
4:47 of 3rd period - Shot Misses the Net.
5:18 of 3rd period - Icing by Ryan Smyth.
5:19 of 3rd period - Jason Allison wins face-off versus Travis Zajac in Avalanche zone.
5:27 of 3rd period - Travis Zajac is hit by Drew Doughty.
5:31 of 3rd period - Slapshot by Ryan Smyth.
5:31 of 3rd period - Stopped by Tuukka Rask with a rebound.
5:33 of 3rd period - Snap shot by Dave Tanabe.
5:33 of 3rd period - Deflect By Ryan Smyth.
5:33 of 3rd period - Stopped by Tuukka Rask without a rebound.
5:34 of 3rd period - Mike Comrie wins face-off versus Marian Hossa in Blues zone.
5:37 of 3rd period - Slapshot by Jack Johnson.
5:37 of 3rd period - Stopped by Tuukka Rask without a rebound.
5:38 of 3rd period - Mike Comrie wins face-off versus Marian Hossa in Blues zone.
5:39 of 3rd period - Wrist shot by Jason Pominville.
5:39 of 3rd period - Stopped by Tuukka Rask without a rebound.
5:40 of 3rd period - Mike Comrie wins face-off versus Nik Antropov in Blues zone.
6:15 of 3rd period - Wrist shot by Taylor Pyatt.
6:15 of 3rd period - Shot Misses the Net.
7:06 of 3rd period - David Perron is hit by Andrew Ladd and loses puck.
7:10 of 3rd period - Icing by Brent Burns.
7:11 of 3rd period - Nik Antropov wins face-off versus Ryan Smyth in Blues zone.
7:24 of 3rd period - Slapshot by David Perron.
7:24 of 3rd period - Shot Misses the Net.
7:39 of 3rd period - Off-side.
7:40 of 3rd period - Bryan Little wins face-off versus Travis Zajac in neutral zone.
8:13 of 3rd period - Off-side.
8:14 of 3rd period - Jason Allison wins face-off versus Nik Antropov in neutral zone.
8:19 of 3rd period - Snap shot by Corey Perry.
8:19 of 3rd period - Stopped by Tuukka Rask without a rebound.
8:20 of 3rd period - David Perron wins face-off versus Jason Allison in Blues zone.
8:53 of 3rd period - Snap shot by Travis Zajac.
8:53 of 3rd period - Deflect By Joe Pavelski.
8:53 of 3rd period - Stopped by Jimmy Howard with a rebound.
9:31 of 3rd period - Chuck Kobasew is hit by Derek Boogaard.
9:43 of 3rd period - Chuck Kobasew is hit by Erik Rasmussen and loses puck.
10:00 of 3rd period - Snap shot by Ryan Smyth.
10:00 of 3rd period - Shot Blocked by Paul Kariya.
10:16 of 3rd period - Wrist shot by David Perron.
10:16 of 3rd period - Shot Misses the Net.
10:24 of 3rd period - Snap shot by Nik Antropov.
10:24 of 3rd period - Stopped by Jimmy Howard with a rebound.
10:41 of 3rd period - Wrist shot by Maxim Talbot.
10:41 of 3rd period - Shot Blocked by Kevin Shattenkirk.
10:43 of 3rd period - Wrist shot by Dustin Byfuglien.
10:43 of 3rd period - Shot Blocked by Kevin Shattenkirk.
10:53 of 3rd period - Taylor Pyatt is hit by Brian Campbell and loses puck.
11:00 of 3rd period - Slapshot by Max Pacioretty.
11:00 of 3rd period - Shot Misses the Net.
11:32 of 3rd period - Jason Pominville is hit by Nik Antropov and loses puck.
12:11 of 3rd period - Dave Tanabe is hit by Paul Kariya and loses puck.
12:46 of 3rd period - Wrist shot by Mike Comrie.
12:46 of 3rd period - Deflect By Jason Pominville.
12:46 of 3rd period - Stopped by Tuukka Rask without a rebound.
12:47 of 3rd period - Travis Zajac wins face-off versus Mike Comrie in Blues zone.
12:52 of 3rd period - Paul Kariya is hit by Jason Pominville and loses puck.
13:03 of 3rd period - Wrist shot by Paul Kariya.
13:03 of 3rd period - Stopped by Jimmy Howard with a rebound.
13:36 of 3rd period - Maxim Talbot is hit by Kevin Shattenkirk and loses puck.
13:41 of 3rd period - Snap shot by Andrew Cogliano.
13:41 of 3rd period - Stopped by Jimmy Howard without a rebound.
13:42 of 3rd period - Travis Zajac wins face-off versus Jason Pominville in Avalanche zone.
14:11 of 3rd period - Wrist shot by Jason Allison.
14:11 of 3rd period - Shot Misses the Net.
14:13 of 3rd period - Backhand shot by Jason Allison.
14:13 of 3rd period - Stopped by Tuukka Rask without a rebound.
14:14 of 3rd period - Nik Antropov wins face-off versus Jason Allison in Blues zone.
14:14 of 3rd period - Nik Antropov is hit by Corey Perry.
14:40 of 3rd period - Michael Rupp is hit by Travis Zajac and loses puck.
16:01 of 3rd period - Dan Boyle is hit by Andrew Ladd and loses puck.
16:20 of 3rd period - Slapshot by Drew Doughty.
16:20 of 3rd period - Deflect By Mike Comrie.
16:20 of 3rd period - Stopped by Tuukka Rask with a rebound.
16:22 of 3rd period - Snap shot by Michael Rupp.
16:22 of 3rd period - Shot Blocked by Bryce Lampman.
16:36 of 3rd period - Dan Boyle is hit by Chuck Kobasew and loses puck.
16:55 of 3rd period - Brent Burns is hit by Michael Rupp and loses puck.
17:02 of 3rd period - Drew Fata is hit by Jason Pominville and loses puck.
17:31 of 3rd period - Ales Kotalik is hit by Andrew Ladd and loses puck.
17:38 of 3rd period - Slapshot by Andrew Ladd.
17:38 of 3rd period - Shot Blocked by Drew Fata.
17:57 of 3rd period - Minor Penalty to Sergei Shirokov for Holding.
17:58 of 3rd period - Corey Perry wins face-off versus Nik Antropov in Blues zone.
18:09 of 3rd period - Wrist shot by Jason Allison.
18:09 of 3rd period - Stopped by Tuukka Rask with a rebound.
18:11 of 3rd period - Wrist shot by Ryan Smyth.
18:11 of 3rd period - Stopped by Tuukka Rask with a rebound.
18:13 of 3rd period - Backhand shot by Corey Perry.
18:13 of 3rd period - Shot Blocked by Bryce Lampman.
18:23 of 3rd period - Nik Antropov is hit by Brian Campbell.
18:33 of 3rd period - Snap shot by Bryan Little.
18:33 of 3rd period - Deflect By Jason Pominville.
18:33 of 3rd period - Shot Misses the Net.
18:33 of 3rd period - Puck is out of play.
18:34 of 3rd period - Nik Antropov wins face-off versus Jason Allison in Blues zone.
18:40 of 3rd period - Icing by Dave Tanabe.
18:41 of 3rd period - Nik Antropov wins face-off versus Jason Allison in Avalanche zone.
18:42 of 3rd period - Slapshot by Kevin Shattenkirk.
18:42 of 3rd period - Stopped by Jimmy Howard without a rebound.
18:43 of 3rd period - Jason Allison wins face-off versus Nik Antropov in Avalanche zone.
19:13 of 3rd period - Off-side.
19:14 of 3rd period - Ales Kotalik wins face-off versus Bryan Little in neutral zone.
19:17 of 3rd period - Slapshot by Drew Fata.
19:17 of 3rd period - Stopped by Jimmy Howard without a rebound.
19:18 of 3rd period - Ales Kotalik wins face-off versus Bryan Little in Avalanche zone.
19:47 of 3rd period - Jason Allison is hit by Taylor Pyatt and loses puck.
19:57 of 3rd period - Penalty to Sergei Shirokov is over, Sergei Shirokov is back on ice.
Goals for this period are 0 for Blues vs 0 for Avalanche.
Shots for this period are 7 for Blues vs 11 for Avalanche.
Output by the SimonT Hockey Simulator (STHS) for François Prévost -- Original Page W3C XHTML 1.0 Valid